 Dungeon Crawl Stone Soup version 0.18.1-1-g2f07953 (webtiles) character file.

5110 inmateoo the Basher (level 10, -5/110 HPs)
             Began as an Ogre Air Elementalist on May 7, 2016.
             Was a Believer of Yredelemnul.
             Slain by a killer bee (6 damage)
             ... on level 9 of the Dungeon.
             The game lasted 00:27:23 (12484 turns).

inmateoo the Basher (Ogre Air Elementalist)        Turns: 12484, Time: 00:27:23

Health: -5/110     AC:  6    Str: 18    XL:     10   Next: 57%
Magic:  10/12      EV:  7    Int: 14    God:    Yredelemnul [**....]
Gold:   406        SH:  0    Dex: 10    Spells: 4 memorised, 5 levels left

rFire  . . .     SeeInvis .     g - +0 morningstar
rCold  . . .     Gourm    .     a - +2 robe
rNeg   . . .     Faith    .     (no shield)
rPois  .         Spirit   .     (helmet restricted)
rElec  .         Dismiss  .     (no cloak)
rCorr  .         Reflect  .     (gloves unavailable)
SustAt .         Harm     .     (boots unavailable)
MR     +....                    (no amulet)
Stlth  +.........               (no ring)
                                (no ring)

@: lethally poisoned (-5 -> -7), swift, repel missiles, quick, somewhat
resistant to hostile enchantments, very unstealthy
A: unfitting armour, antennae 1, blurry vision 1, low mp 1, shaggy fur 1, tough
skin 1
a: Animate Remains, Recall Undead Slaves, Injury Mirror, Renounce Religion


You were on level 9 of the Dungeon.
You worshipped Yredelemnul.
Yredelemnul was pleased with you.
You were hungry.

You visited 1 branch of the dungeon, and saw 9 of its levels.

You collected 406 gold pieces.

Inventory:

Hand Weapons
 g - a +0 morningstar (weapon)
 h - a +0 dire flail
 p - a +1 giant spiked club
 A - a +3 mace
Missiles
 t - 4 large rocks (quivered)
Armour
 a - a +2 robe (worn)
 r - a +1 large shield of cold resistance
Wands
 i - a wand of random effects (28/48)
 k - a wand of lightning (0/15)
 l - a wand of polymorph (6/24)
 n - a wand of iceblast (6/15)
 q - a wand of enslavement (12/24)
 w - a wand of digging (11/24)
 y - a wand of slowing (0/48)
Scrolls
 d - 5 scrolls of teleportation
 e - 5 scrolls of enchant armour
 m - a scroll of identify
 v - a scroll of recharging
 B - a scroll of remove curse
Potions
 u - 2 potions of cancellation
Books
 b - a book of Air

   Spells                             Type                      Level
   a - Shock                          Conjuration/Air              1
   b - Swiftness                      Charms/Air                   2
   c - Repel Missiles                 Charms/Air                   2
   d - Static Discharge               Conjuration/Air              3
   e - Lightning Bolt                 Conjuration/Air              5
Miscellaneous
 z - a fan of gales
Comestibles
 c - 4 bread rations
 j - a meat ration
 s - a fruit
 x - 2 chunks of flesh


   Skills:
 + Level 10.0 Fighting
 * Level 13.4 Maces & Flails
 + Level 7.2 Dodging
 - Level 1.5 Stealth
 - Level 2.4 Spellcasting
 - Level 0.6 Conjurations
 - Level 2.1 Air Magic


You had 5 spell levels left.
You knew the following spells:

 Your Spells              Type           Power        Failure   Level  Hunger
a - Shock                 Conj/Air       #...         14%         1    #......
b - Repel Missiles        Chrm/Air       #.....       24%         2    ###....
c - Swiftness             Chrm/Air       #.......     24%         2    ###....
d - Static Discharge      Conj/Air       #.......     38%         3    ###....


Dungeon Overview and Level Annotations

Branches:
Dungeon (9/15)             Temple (0/1) D:5
   Lair: D:8-11         Orc: D:9-12

Altars:
Elyvilon
Fedhas
Qazlal
Ru
Trog
Vehumet
Yredelemnul
The Shining One

Shops:
D:6 %


Innate Abilities, Weirdness & Mutations

You are too large for most types of armour.
You have tough skin (AC +1).
You have a pair of small antennae on your head.
Scrolls take you a little longer to read.
Your magical capacity is low (-10% MP).
You are covered in fur (AC +1).


Message History

There is an open door here.
Unknown command.
The killer bee barely misses you.
Unknown command.
Unknown command.
Casting: Static Discharge
Confirm with . or Enter, or press ? or * to list all spells.
You feel quick. The killer bee closely misses you. x2
The killer bee barely misses you. The killer bee closely misses you.
The killer bee stings you.
* * * LOW HITPOINT WARNING * * *
You are poisoned.
The killer bee poisons you!
There is a stone staircase leading up here.
You feel sick. The killer bee barely misses you. The killer bee stings you.
* * * LOW HITPOINT WARNING * * *
The killer bee stings you.
You die...
Your body rises from the dead as a mindless zombie.

####.######
#####.####. #.##...
..# #.# ## ###.##.#
#.# #.# #......#
#.###+##
#.###..#####.##...##
#.# #.....##.#.....##
#.###....).)........##
#.....<.####.........#
###..@y....'.........'
#.#.y.####........y#
#.##.## ##.......## #.
### ##.....## ##...##
#######'## #.......#
#.#####.# ......#.##


You could see 2 killer bees.

Vanquished Creatures
  Grinder (D:5)
  3 yaks (D:7)
  Sigmund (D:5)
  A steam dragon (D:8)
  Edmund (D:6)
  A water moccasin (D:7)
  An ice beast (D:6)
  The ghost of Chiseanne the Ogre Mage, an amateur OgAE of Gozag (D:3)
  3 orc warriors
  2 sky beasts
  4 ogres
  2 wasps (D:9)
  6 centaurs
  3 giant frogs
  4 scorpions
  6 killer bees (D:7)
  5 wights (D:8)
  A howler monkey (D:8)
  2 crimson imps
  11 orc priests
  3 centaur skeletons
  3 hounds
  6 jellies
  5 orc wizards
  A giant frog skeleton (D:4)
  3 iguanas
  9 worker ants
  A hound skeleton (D:6)
  A worker ant zombie (D:8)
  11 adders
  3 shadow imps
  3 oozes (D:4)
  3 worms
  A dart slug (D:3)
  4 giant geckos
  26 orcs
  8 giant cockroaches
  8 hobgoblins
  6 jackals
  3 quokkas
  4 ball pythons
  9 bats
  A giant cockroach zombie (D:5)
  7 giant newts
  2 gnoll zombies (D:3)
  13 goblins
  A jackal skeleton (D:5)
  5 kobolds
  A quokka zombie (D:5)
  3 rats
213 creatures vanquished.

Vanquished Creatures (others)
  A hippogriff (D:3)
  A giant cockroach (D:5)
2 creatures vanquished.

Grand Total: 215 creatures vanquished

Notes
Turn   | Place    | Note
--------------------------------------------------------------
     0 | D:1      | inmateoo the Ogre Air Elementalist began the quest for the Orb.
     0 | D:1      | Reached XP level 1. HP: 16/16 MP: 3/3
    43 | D:1      | Reached skill level 1 in Fighting
   146 | D:1      | Reached XP level 2. HP: 27/28 MP: 5/5
   218 | D:1      | Reached skill level 1 in Maces & Flails
   553 | D:2      | Gained mutation: You are covered in fur (AC +1). [potion of beneficial mutation]
   634 | D:2      | Reached XP level 3. HP: 21/36 MP: 6/6
   951 | D:2      | Reached skill level 2 in Maces & Flails
  1470 | D:2      | Reached XP level 4. HP: 45/45 MP: 7/7
  1893 | D:3      | Noticed Chiseanne's ghost (amateur OgAE)
  1905 | D:3      | Killed Chiseanne's ghost
  1905 | D:3      | Reached skill level 3 in Maces & Flails
  1905 | D:3      | Reached XP level 5. HP: 38/53 MP: 5/8
  1909 | D:3      | Learned a level 2 spell: Repel Missiles
  1913 | D:3      | Learned a level 2 spell: Swiftness
  1920 | D:3      | Learned a level 3 spell: Static Discharge
  2113 | D:3      | Found a basalt altar of Yredelemnul.
  2416 | D:3      | Became a worshipper of Yredelemnul the Dark
  2493 | D:3      | Found a stormy altar of Qazlal.
  2655 | D:4      | Noticed a hippogriff
  2660 | D:4      | Noticed an ogre
  2699 | D:3      | Killed a hippogriff
  2699 | D:3      | Reached skill level 4 in Maces & Flails
  3140 | D:4      | Reached XP level 6. HP: 62/62 MP: 9/9
  3308 | D:4      | Reached skill level 5 in Maces & Flails
  4123 | D:5      | Entered Level 5 of the Dungeon
  4161 | D:5      | Reached skill level 6 in Maces & Flails
  4161 | D:5      | Reached XP level 7. HP: 69/71 MP: 2/10
  4290 | D:5      | Noticed Sigmund
  4302 | D:5      | Noticed Grinder
  4343 | D:6      | Noticed Edmund
  4366 | D:6      | Killed Edmund
  4366 | D:6      | Reached skill level 5 in Fighting
  4418 | D:6      | Reached skill level 7 in Maces & Flails
  4742 | D:6      | Reached * piety under Yredelemnul
  4831 | D:6      | Found Ujuklorph's Food Shoppe.
  4963 | D:6      | Identified a scroll of acquirement
  5112 | D:7      | Reached XP level 8. HP: 70/83 MP: 11/11
  5229 | D:6      | Reached skill level 8 in Maces & Flails
  5638 | D:5      | Found a radiant altar of Vehumet.
  5740 | D:5      | Killed Grinder
  5957 | D:5      | Found a blossoming altar of Fedhas.
  5964 | D:5      | Found a sacrificial altar of Ru.
  6166 | D:5      | Reached skill level 9 in Maces & Flails
  6399 | D:5      | Found a staircase to the Ecumenical Temple.
  6427 | D:5      | Killed Sigmund
  6427 | D:5      | Reached skill level 5 in Dodging
  6905 | D:7      | Reached skill level 10 in Maces & Flails
  6905 | D:7      | Reached XP level 9. HP: 57/93 MP: 12/12
  6942 | D:7      | Found a glowing golden altar of the Shining One.
  7878 | D:7      | Reached skill level 11 in Maces & Flails
  9397 | D:7      | Reached skill level 12 in Maces & Flails
  9612 | D:8      | Reached XP level 10. HP: 89/107 MP: 13/13
  9752 | D:8      | Reached ** piety under Yredelemnul
 10523 | D:8      | Gained mutation: Your magical capacity is low (-10% MP). [mutagenic meat]
 10524 | D:8      | Gained mutation: You have a pair of small antennae on your head. [mutagenic meat]
 10527 | D:8      | Gained mutation: Scrolls take you a little longer to read. [mutagenic meat]
 11498 | D:8      | Reached skill level 13 in Maces & Flails
 11886 | D:9      | Found a white marble altar of Elyvilon.
 11888 | D:9      | Found a bloodstained altar of Trog.
 12377 | D:9      | Reached skill level 10 in Fighting
 12484 | D:9      | HP: 1/110 [killer bee (5)]
 12484 | D:9      | Slain by a killer bee

Skill      XL: |  1  2  3  4  5  6  7  8  9 10 |
---------------+-------------------------------+-----
Fighting       | 1 2 3 4 5 7 9 10 | 10.0
Maces & Flails | 1 2 3 4 6 7 10 12 13 | 13.4
Dodging        | 2 3 4 5 6 7 |  7.2
Stealth        | |  1.5
Spellcasting   | |  2.4
Conjurations   | |  0.6
Air Magic      | |  2.1

Action                   |  1- 3 |  4- 6 |  7- 9 | 10-12 || total
-------------------------+-------+-------+-------+-------++-------
Melee: Mace              |    84 |   159 |   285 |       ||   528
       Unarmed           |     3 |       |       |       ||     3
       Flail             |       |       |    39 |       ||    39
       Dire flail        |       |       |    30 |       ||    30
       Giant spiked club |       |       |    13 |       ||    13
       Morningstar       |       |       |    12 |   236 ||   248
 Cast: Shock             |    21 |    18 |    27 |    38 ||   104
       Repel Missiles    |       |     1 |     2 |     2 ||     5
       Swiftness         |       |       |     3 |     1 ||     4
       Static Discharge  |       |       |     3 |     2 ||     5
Evoke: Wand              |       |       |    10 |       ||    10
  Use: Scroll            |     5 |     9 |     2 |     5 ||    21
       Potion            |     1 |     5 |     8 |     1 ||    15
 Stab: Sleeping          |       |     1 |       |     1 ||     2
       Invisible         |       |       |     4 |       ||     4
  Eat: Chunk             |     2 |     7 |     9 |    15 ||    33
       Beef jerky        |       |     1 |     1 |       ||     2
       Meat ration       |       |       |     2 |       ||     2
       Fruit             |       |       |     1 |       ||     1
Armor: Robe              |    46 |    63 |    81 |    50 ||   240
       Skin              |       |    25 |    13 |       ||    38
Dodge: Dodged            |    67 |    75 |   197 |   129 ||   468
       Deflected         |       |       |     7 |     2 ||     9
